 Dungeon Crawl Stone Soup version 0.18.1-5-g4a78601 (webtiles) character file.

1180 Mefis the Magician (level 8, -5/43 HPs)
             Began as a Deep Elf Wizard on May 11, 2016.
             Was a Follower of Sif Muna.
             Slain by Prince Ribbit (7 damage)
             ... on level 5 of the Dungeon.
             The game lasted 00:22:57 (6990 turns).

Mefis the Magician (Deep Elf Wizard)                Turns: 6990, Time: 00:22:57

Health: -5/43      AC:  7    Str:  4    XL:     8   Next: 18%
Magic:  19/19      EV: 14    Int: 26    God:    Sif Muna [*.....]
Gold:   304        SH:  0    Dex: 13    Spells: 8 memorised, 2 levels left

rFire  . . .     SeeInvis .     G - +1 dagger (freeze)
rCold  . . .     Gourm    .     a - +0 robe
rNeg   + . .     Faith    +     (no shield)
rPois  .         Spirit   .     z - +0 helmet
rElec  .         Dismiss  .     (no cloak)
rCorr  .         Reflect  .     n - +2 pair of gloves
SustAt .         Harm     .     l - +0 pair of boots
MR     .....                    v - amulet of faith
Stlth  +++.......               (no ring)
                                L - ring of positive energy

@: not resistant to hostile enchantments, fairly stealthy
A: no striking features
a: Channel Energy, Renounce Religion


You were on level 5 of the Dungeon.
You worshipped Sif Muna.
Sif Muna was aware of your devotion.
You were not hungry.

You visited 1 branch of the dungeon, and saw 6 of its levels.

You collected 304 gold pieces.

Inventory:

Hand Weapons
 e - a +0 dagger of venom
 y - a +0 short sword of venom
 G - a +1 dagger of freezing (weapon)
Missiles
 w - 24 arrows
Armour
 a - a +0 robe (worn)
 b - a +0 hat
 l - a +0 pair of boots (worn)
 n - a +2 pair of gloves (worn)
 z - a +0 helmet (worn)
Jewellery
 v - an amulet of faith (around neck)
 L - a ring of positive energy (left hand)
Wands
 C - a wand of teleportation (5/9)
Scrolls
 h - 2 scrolls of fear
 i - 2 scrolls of recharging
 k - 4 scrolls of noise {unknown}
 o - a scroll of blinking {unknown}
 p - 5 scrolls of remove curse
 r - a scroll of teleportation {unknown}
 s - 2 scrolls of fog {unknown}
 x - a scroll of enchant weapon {unknown}
 E - 2 scrolls of magic mapping {unknown}
Potions
 g - 2 potions of might
 j - a potion of cure mutation
 m - a potion of berserk rage {unknown}
 q - 2 potions of curing
 u - a potion of degeneration {unknown}
 H - a potion of resistance {unknown}
 J - a potion of haste {unknown}
 K - a potion of agility {unknown}
Books
 c - a book of Minor Magic

   Spells                             Type                      Level
   a - Magic Dart                     Conjuration                  1
   b - Blink                          Translocation                2
   c - Call Imp                       Summoning                    2
   d - Repel Missiles                 Charms/Air                   2
   e - Slow                           Hexes                        2
   f - Conjure Flame                  Conjuration/Fire             3
   g - Mephitic Cloud                 Conjuration/Poison/Air       3
 t - a book of Debilitation

   Spells                             Type                      Level
   a - Corona                         Hexes                        1
   b - Slow                           Hexes                        2
   c - Gell's Gravitas                Hexes/Translocation          3
   d - Inner Flame                    Hexes/Fire                   3
   e - Cause Fear                     Hexes                        4
   f - Leda's Liquefaction            Hexes/Earth                  4
Comestibles
 A - 2 meat rations
 B - 2 slices of pizza
 D - 3 fruits
 F - a beef jerky


   Skills:
 - Level 1.0 Fighting
 - Level 1.3 Short Blades
 + Level 4.6 Dodging
 + Level 5.0 Stealth
 + Level 6.5 Spellcasting
 + Level 4.0 Conjurations
 + Level 3.5 Summonings
 + Level 3.0 Translocations
 * Level 3.6 Fire Magic
 + Level 2.9 Poison Magic


You had 2 spell levels left.
You knew the following spells:

 Your Spells              Type           Power        Failure   Level  Hunger
a - Magic Dart            Conj           ####         1%          1    None
b - Call Imp              Summ           ####....     2%          2    None
c - Blink                 Tloc           N/A          2%          2    None
d - Repel Missiles        Chrm/Air       #.....       12%         2    None
e - Mephitic Cloud        Conj/Pois/Air  ###.....     10%         3    None
f - Conjure Flame         Conj/Fire      ####....     6%          3    None
g - Inner Flame           Hex/Fire       ###.....     12%         3    None
h - Slow                  Hex            #.......     12%         2    None


Dungeon Overview and Level Annotations

Branches:
Dungeon (6/15)
 Temple: D:4-7

Altars:
Ashenzari
Elyvilon
Kikubaaqudgha
Okawaru
Sif Muna
Yredelemnul

Annotations:
D:1 fly to scroll
D:3 F1L1N's ghost, amateur MiFi; Purgy
D:4 Blork the orc; MrTails's ghost, amateur GrBe
D:5 Prince Ribbit
D:6 Duvessa


Message History

Prince Ribbit barely misses your crimson imp.
Your crimson imp blinks!
Prince Ribbit blinks!
Your crimson imp blinks!
Prince Ribbit hops awkwardly around.
Prince Ribbit hits you!
* * * LOW HITPOINT WARNING * * *
Prince Ribbit closely misses you.
Your crimson imp blinks!
Prince Ribbit blinks!
Prince Ribbit hits you!
* * * LOW HITPOINT WARNING * * *
You barely miss Prince Ribbit. Prince Ribbit barely misses you.
You completely miss Prince Ribbit. Prince Ribbit completely misses you.
Prince Ribbit croaks regally.
Quiver which item? (- for none, * to show all) (? for menu, Esc to quit)
Okay, then.
Drink which item? (? for menu, Esc to quit)
Okay, then.
Prince Ribbit hits you!
You die...

#.# #.# #..........# #.#
#.# #..........# #.# #.#
#..........# #.# #.#
#....#####.## #.#
##.###....#......## #.#
#>............#.... #.#
#......#.##...####. #.#
#.F##...⌠.##'#..⌠#. #.#
#.@....#........... #.#
#...#####......=### #.#
#...#...#.......#,, #5#
#...#...'..._...'., #.#
##..............#., #.#
#5.#.###.......**, #.#
#.....#,.......,*,
##.######.#...#⌠.##+##.⌠,,
#..§..5.......#**,,,,****,


You could see Prince Ribbit and a friendly crimson imp.

Vanquished Creatures
  Pikel (D:5)
  Sigmund (D:6)
  A phantom (D:5)
  A necrophage (D:5)
  A giant frog (D:6)
  A crimson imp (D:6)
  A centaur zombie (D:6)
  A giant frog skeleton (D:5)
  2 hounds
  An orc wizard (D:3)
  A worker ant (D:5)
  A hound zombie (D:5)
  A worker ant zombie (D:5)
  6 adders
  3 oozes
  4 worms
  A dart slug (D:4)
  5 giant geckos
  16 orcs
  7 bats
  6 giant cockroaches
  8 goblins
  6 hobgoblins
  2 jackals (D:5)
  3 quokkas (D:2)
  A ball python (D:2)
  5 giant newts
  10 kobolds
  A quokka skeleton (D:5)
  6 rats
104 creatures vanquished.

Vanquished Creatures (collateral kills)
  An orc wizard (D:5)
  A worker ant (D:5)
  A worm (D:3)
  An orc (D:5)
4 creatures vanquished.

Grand Total: 108 creatures vanquished

Notes
Turn   | Place    | Note
--------------------------------------------------------------
     0 | D:1      | Mefis the Deep Elf Wizard began the quest for the Orb.
     0 | D:1      | Reached XP level 1. HP: 10/10 MP: 7/7
   126 | D:1      | Reached XP level 2. HP: 14/15 MP: 9/9
   130 | D:1      | Learned a level 2 spell: Call Imp
   133 | D:1      | Learned a level 2 spell: Blink
   136 | D:1      | Learned a level 2 spell: Repel Missiles
   551 | D:1      | Reached XP level 3. HP: 19/19 MP: 9/11
   670 | D:1      | Reached skill level 5 in Spellcasting
  1591 | D:2      | Found an ancient bone altar of Kikubaaqudgha.
  1593 | D:2      | Reached skill level 1 in Fighting
  1673 | D:2      | Learned a level 3 spell: Mephitic Cloud
  1677 | D:2      | Reached XP level 4. HP: 25/25 MP: 9/13
  2042 | D:2      | Reached skill level 1 in Short Blades
  2432 | D:3      | Reached skill level 1 in Poison Magic
  2762 | D:3      | Reached XP level 5. HP: 29/29 MP: 1/14
  2773 | D:3      | Learned a level 3 spell: Conjure Flame
  2986 | D:3      | Noticed F1L1N's ghost (amateur MiFi)
  3038 | D:3      | Found a white marble altar of Elyvilon.
  3388 | D:4      | Noticed Purgy
  3753 | D:4      | Noticed MrTails's ghost (amateur GrBe)
  3756 | D:4      | Noticed Blork the orc
  3794 | D:5      | Entered Level 5 of the Dungeon
  3960 | D:5      | Noticed a phantom
  3986 | D:5      | Killed a phantom
  3986 | D:5      | Reached XP level 6. HP: 23/34 MP: 0/16
  3991 | D:5      | Learned a level 3 spell: Inner Flame
  4361 | D:5      | Reached skill level 1 in Fire Magic
  4645 | D:5      | Found a basalt altar of Yredelemnul.
  4946 | D:5      | Found a deep blue altar of Sif Muna.
  4953 | D:5      | Became a worshipper of Sif Muna the Loreminder
  5028 | D:5      | Found a shattered altar of Ashenzari.
  5527 | D:6      | Reached skill level 6 in Spellcasting
  5527 | D:6      | Reached XP level 7. HP: 15/38 MP: 4/18
  5531 | D:6      | Learned a level 2 spell: Slow
  5754 | D:6      | Noticed Duvessa
  5756 | D:6      | Noticed Sigmund
  6018 | D:6      | Killed Sigmund
  6101 | D:6      | Reached * piety under Sif Muna
  6169 | D:6      | Noticed Pikel
  6692 | D:5      | Found a shattered altar of Ashenzari.
  6721 | D:5      | Killed Pikel
  6721 | D:5      | Reached skill level 5 in Stealth
  6721 | D:5      | Reached XP level 8. HP: 43/43 MP: 6/19
  6858 | D:6      | Found an iron altar of Okawaru.
  6864 | D:6      | Noticed Prince Ribbit
  6986 | D:5      | HP: 2/43 [Prince Ribbit (10)]
  6990 | D:5      | Slain by Prince Ribbit

Skill      XL: |  1  2  3  4  5  6  7 |
---------------+----------------------+-----
Spellcasting   | 5 6 |  6.5
Dodging        | 3 4 |  4.6
Fighting       | 1 |  1.0
Conjurations   | 2 3 4 |  4.0
Short Blades   | 1 |  1.3
Poison Magic   | 1 2 |  2.9
Stealth        | 3 4 5 |  5.0
Summonings     | 2 3 |  3.5
Fire Magic     | 2 3 |  3.6
Translocations | 2 3 |  3.0

Action                   |  1- 3 |  4- 6 |  7- 9 || total
-------------------------+-------+-------+-------++-------
Melee: Dagger            |    14 |    10 |    13 ||    37
       Short sword       |       |     8 |       ||     8
Throw: Javelin           |       |     5 |       ||     5
 Cast: Magic Dart        |   101 |   214 |    61 ||   376
       Repel Missiles    |     1 |       |       ||     1
       Mephitic Cloud    |       |     3 |     8 ||    11
       Call Imp          |       |    12 |    23 ||    35
       Conjure Flame     |       |     8 |     1 ||     9
       Blink             |       |     1 |     2 ||     3
       Inner Flame       |       |     4 |       ||     4
  Use: Scroll            |       |     7 |       ||     7
 Stab: Sleeping          |     4 |     2 |       ||     6
       Confused          |       |     1 |       ||     1
  Eat: Chunk             |     2 |     8 |       ||    10
       Bread ration      |       |     1 |     1 ||     2
Armor: Robe              |     7 |    29 |    13 ||    49
Dodge: Dodged            |    27 |    48 |    38 ||   113
       Deflected         |       |     1 |       ||     1
